 Dungeon Crawl Stone Soup version 0.30-a0-1053-gbd8d5ba0ad (webtiles) character file.

Game seed: 10720908402866838775

1220 Newt the Slicer (level 8, -1/60 HPs)
             Began as a Demonspawn Gladiator on Apr 11, 2023.
             Slain by a water moccasin (4 damage)
             ... on level 6 of the Dungeon.
             The game lasted 00:04:29 (3136 turns).

Newt the Slicer (Demonspawn Gladiator)              Turns: 3136, Time: 00:04:29

Health: -1/60      AC:  8    Str: 17    XL:     8   Next: 23%
Magic:  8/8        EV: 14    Int:  9    God:
Gold:   316        SH:  0    Dex: 18    Spells: 7/7 levels left

rFire   + . .      SeeInvis .    w - +11 rapier of Courage {drain, Dex+3}
rCold   + . .      Faith    .    (no shield)
rNeg    . . .      Spirit   .    b - +0 leather armour
rPois   .          Reflect  .    c - +0 helmet
rElec   .          Rampage  .    B - scarf {rC+ rF+}
rCorr   .                        (no gloves)
Will    .....                    J - +0 pair of boots
Stlth   +                        k - amulet of magic regeneration
HPRegen 0.30/turn                t - ring of wizardry
MPRegen 0.51/turn                (no ring)

@: lethally poisoned (-1 -> -8)
A: yellow scales 2, powered by death 2, weakness stinger 1
a: no special abilities


You were on level 6 of the Dungeon.
You visited 1 branch of the dungeon, and saw 6 of its levels.

You collected 386 gold pieces.
You spent 70 gold pieces at shops.

Inventory:

Hand Weapons
 a - a +1 rapier
 w - the +11 rapier of Courage (weapon) {drain, Dex+3}
   (You found it on level 3 of the Dungeon)

   Dex:       It affects your dexterity (+3).
Missiles
 d - 3 throwing nets (quivered)
 e - a javelin
 o - 5 poisoned darts
 E - 2 boomerangs
Armour
 b - a +0 leather armour (worn)
 c - a +0 helmet (worn)
 B - a scarf of resistance (worn)
 J - a +0 pair of boots (worn)
Jewellery
 i - a ring of fire
 k - an amulet of magic regeneration (around neck)
 p - a ring of fire
 t - a ring of wizardry (left hand)
 F - a ring of protection from fire
Wands
 h - a wand of digging (1)
 y - a wand of polymorph (7)
 H - a wand of roots (12)
Scrolls
 f - a scroll of noise
 g - 4 scrolls of blinking
 l - 2 scrolls of enchant armour
 m - a scroll of fear
 n - 2 scrolls of fog
 q - 2 scrolls of amnesia
 s - 3 scrolls of teleportation
 v - a scroll of brand weapon
 I - a scroll of summoning
Potions
 j - 2 potions of brilliance
 r - 4 potions of curing
 u - a potion of magic
 x - a potion of lignification
 z - a potion of haste
 A - 2 potions of attraction
 C - a potion of flight
 D - 3 potions of degeneration
 G - 2 potions of might {unknown}


   Skills:
 - Level 4.0 Fighting
 - Level 8.0 Short Blades
 - Level 1.7 Throwing
 + Level 4.8 Dodging


You had 7 spell levels left.
You didn't know any spells.
Your spell library contained the following spells:

 Spells                   Type           Power      Damage    Failure   Level
 Shock                    Conj/Air       0%         1d3       21%         1
 Ensorcelled Hibernation  Hex/Ice        0%         N/A       28%         2
 Passwall                 Tmut/Erth      0%         N/A       28%         2
 Hailstorm                Conj/Ice       0%         3d3       50%         3
 Swiftness                Air            0%         N/A       50%         3
 Airstrike                Air            0%         2d(0-16)  86%         4
 Ice Form                 Ice/Tmut       0%         N/A       86%         4
 Simulacrum               Ice/Necr       0%         N/A       100%        6


Dungeon Overview and Level Annotations

Branches:
Dungeon (6/15)
 Temple: D:4-7

Altars:
Ashenzari
Gozag

Shops:
D:2 *   D:4 (   D:5 ?:

Annotations:
D:3 2 transporters, Pokonic1's ghost, amateur DsVM


Innate Abilities, Weirdness & Mutations

You are mostly covered in yellow scales. (AC +3)
You regenerate health from kills.
You have a small tail.


Message History

A gnoll comes into view. It is wielding a +0 flail.
The gnoll shouts!
You puncture Dowan!
You kill Dowan!
You feel very sick.
The water moccasin bites you but does no damage.
The wight barely misses you.
Unknown command.
The water moccasin attacks as you move away!
The water moccasin closely misses you.
You feel very sick.
The water moccasin bites you but does no damage.
The wight attacks as you move away! The wight closely misses you.
You feel your willpower return.
You feel very sick. The gnoll hits you but does no damage.
The water moccasin attacks as you move away!
The water moccasin barely misses you.
You feel very sick. The gnoll barely misses you. The water moccasin bites you!
You are more poisoned.
The water moccasin poisons you! The wight attacks as you move away!
The wight barely misses you. The wight attacks as you move away!
The wight barely misses you.
The water moccasin attacks as you move away!
The water moccasin bites you but does no damage.
You feel very sick.
You feel very sick.
You feel very sick.
The water moccasin bites you but does no damage.
You feel very sick. The gnoll attacks as you move away!
The gnoll hits you with a +0 flail!
* * * LOW HITPOINT WARNING * * *
The water moccasin attacks as you move away!
The water moccasin completely misses you.
* * * LOW HITPOINT WARNING * * *
You feel very sick.
A gnoll comes into view. It is wielding a +0 spear.
The water moccasin bites you.
You die...

......).....#...#..
.....[......#.....
............#..#
+######....z...#
#.###...##
#.g......#
#.#.zz##.#
..#..S##.#
#.#.#g@#.# #......#
#......# #.#......#
#+ #........#
......######'#####
######.
...............#
.......
..#####........#
...##.# ##
..#####....#


You could see a water moccasin, 3 wights and 2 gnolls.

Vanquished Creatures
  Grinder (D:3)
  Duvessa (D:6)
  An ice beast (D:5)
  A black bear (D:5)
  An ogre (D:4)
  A centaur (D:5)
  A phantom (D:5)
  2 scorpions
  Dowan (D:6)
  A hound (D:4)
  Crazy Yiuf (D:4)
  An orc priest (D:5)
  An orc wizard (D:3)
  Natasha (twice) (D:4)
  8 adders
  An ufetubus (D:5)
  3 worms
  4 dart slugs
  12 orcs
  5 bats
  3 endoplasms
  6 giant cockroaches
  4 goblins
  9 hobgoblins
  3 quokkas (D:1)
  3 ball pythons
  7 frilled lizards
  5 kobolds
  7 rats
96 creatures vanquished.

Notes
Turn   | Place    | Note
-------+----------+-------------------------------------------
     0 | D:1      | Newt the Demonspawn Gladiator began the quest for the Orb.
     0 | D:1      | Reached XP level 1. HP: 16/16 MP: 1/1
    81 | D:1      | Gained mutation: You are partially covered in yellow
                  | scales. (AC +2) [demonic ancestry]
    81 | D:1      | Reached XP level 2. HP: 23/23 MP: 2/2
   557 | D:1      | Reached XP level 3. HP: 29/29 MP: 3/3
   845 | D:2      | Found a faded altar of an unknown god.
   886 | D:2      | Reached skill level 3 in Short Blades
   967 | D:2      | Found Nyerelyde's General Store.
   992 | D:2      | Bought a potion of curing for 42 gold pieces
   992 | D:2      | Bought a scroll of identify for 28 gold pieces
  1053 | D:2      | Gained mutation: You regenerate a little health from kills.
                  | [demonic ancestry]
  1053 | D:2      | Reached XP level 4. HP: 33/37 MP: 4/4
  1497 | D:3      | Identified the +11 rapier of Courage {drain, Dex+3}
  1578 | D:3      | Reached skill level 4 in Short Blades
  1624 | D:3      | Found a transporter.
  1624 | D:3      | Noticed Pokonic1's ghost (amateur DsVM)
  1748 | D:3      | Gained mutation: You are mostly covered in yellow scales.
                  | (AC +3) [demonic ancestry]
  1748 | D:3      | Reached XP level 5. HP: 42/42 MP: 5/5
  1761 | D:3      | Noticed Grinder
  1767 | D:3      | Paralysed by Grinder for 4 turns
  1777 | D:3      | Paralysed by Grinder for 2 turns
  1779 | D:3      | Killed Grinder
  1780 | D:3      | Reached skill level 5 in Short Blades
  1780 | D:3      | Gained mutation: You regenerate health from kills. [demonic
                  | ancestry]
  1780 | D:3      | Reached XP level 6. HP: 41/48 MP: 6/6
  1780 | D:3      | Found a broken altar of Ashenzari.
  1924 | D:3      | Found a transporter.
  2083 | D:4      | Reached skill level 6 in Short Blades
  2174 | D:4      | Noticed Natasha
  2178 | D:4      | Killed Natasha
  2194 | D:4      | Gained mutation: You have a small tail. [demonic ancestry]
  2194 | D:4      | Reached XP level 7. HP: 54/54 MP: 7/7
  2303 | D:4      | Found an opulent altar of Gozag.
  2377 | D:4      | Found a runed translucent door.
  2378 | D:4      | Noticed Crazy Yiuf
  2426 | D:4      | Found Joxahat's Firing Range.
  2451 | D:4      | Noticed Natasha
  2458 | D:4      | Killed Natasha
  2553 | D:4      | Killed Crazy Yiuf
  2595 | D:5      | Entered Level 5 of the Dungeon
  2607 | D:5      | Reached skill level 7 in Short Blades
  2672 | D:5      | Reached skill level 8 in Short Blades
  2894 | D:5      | Reached XP level 8. HP: 60/60 MP: 8/8
  2971 | D:5      | Found Uluuqius's Magic Scroll Boutique.
  3016 | D:5      | Found Welloiwocw's Book Shoppe.
  3111 | D:6      | Noticed Duvessa
  3111 | D:6      | Noticed Dowan
  3127 | D:6      | Killed Duvessa
  3128 | D:6      | Killed Dowan
  3136 | D:6      | HP: 3/60 [poisoned by a water moccasin]
  3136 | D:6      | Slain by a water moccasin

Illustrated notes

Levels and vault maps discovered:
D:1:      minmay_arrival_radiant_lines, layout_basic
D:2:      layout_rooms, chequers_ecumenical_altar_simple_redux, serial_shops,
          nicolae_shop_waterfront, minmay_box_of_dots
D:3:      layout_rooms, mainiacjoe_overflow_alcove_2, gammafunk_ghost_mausoleum,
          amcnicky_mini_corridor_feature, uniq_grinder
D:4:      layout_gridville, pdpol_temple_overflow_zin_treasury_gozag_greed,
          hangedman_decor_growths, nicolae_shop_firing_range, uniq_natasha,
          uniq_crazy_yiuf_cottage
D:5:      layout_basic, serial_shops, shop, shop
D:6:      layout_basic, mainiacjoe_overflow_surrounded_room,
          mainiacjoe_overflow_six_doors_small, lemuel_temple_firewalk_b,
          st_stairs_8, kennysheep_path_1, uniq_duvessa

Skill      XL: |  1  2  3  4  5  6  7  8 |
---------------+-------------------------+-----
Fighting       | 3 4 |  4.0
Short Blades   | 3 4 5 6 8 |  8.0
Dodging        | 3 4 |  4.8
Throwing       | |  1.7

Action                     |  1- 3 |  4- 6 |  7- 9 || total
---------------------------+-------+-------+-------++-------
  Melee: Rapier            |   143 |    69 |    67 ||   279
         Punch             |     1 |     1 |     2 ||     4
         Tailslap          |       |       |     8 ||     8
  Throw: Throwing net      |       |     3 |       ||     3
    Use: Scroll            |     8 |     7 |     5 ||    20
         Potion            |       |     1 |       ||     1
   Stab: Sleeping          |     1 |       |     1 ||     2
         Held in net/web   |       |     1 |       ||     1
 Armour: Leather armour    |    64 |    14 |    34 ||   112
  Dodge: Dodged            |   119 |    31 |    52 ||   202

Table legend: (Time is in decaauts)
 A = Elapsed time spent in this place.
 B = Non-inter-level travel time spent in this place.
 C = Inter-level travel time spent in this place.
 D = Time resting spent in this place.
 E = Time spent auto-exploring this place.
 F = Levels seen in this place.
 G = Mean time per level.
                   A        B        C        D        E       F      G
               +--------+--------+--------+--------+--------+-----+--------+
         Total |   3129 |   3022 |    107 |      9 |   2340 |   6 |  521.5 |
       Dungeon |   3129 |   3022 |    107 |      9 |   2340 |   6 |  521.5 |
               +--------+--------+--------+--------+--------+-----+--------+

Top non-repeatable levels by time:
     D:1: 786 daAuts
     D:2: 714 daAuts
     D:3: 572 daAuts
     D:4: 524 daAuts
     D:5: 461 daAuts
     D:6: 69 daAuts
